 Dungeon Crawl Stone Soup version 0.21.0 (webtiles) character file.

101 Gaball the Slasher (level 4, -5/36 HPs)
             Began as a Demonspawn Abyssal Knight on Jan 6, 2018.
             Was a Believer of Lugonu.
             Shot with an arrow by a centaur (7 damage)
             ... on level 3 of the Dungeon.
             The game lasted 00:04:49 (2963 turns).

Gaball the Slasher (Demonspawn Abyssal Knight)      Turns: 2963, Time: 00:04:50

Health: -5/36      AC:  6    Str: 12 (13) XL:     4   Next: 48%
Magic:  5/6        EV: 11    Int: 13 (14) God:    Lugonu [**....]
Gold:   106        SH:  0    Dex:  9 (12) Spells: 3/3 levels left

rFire    . . .     SeeInvis .   a - +1 falchion
rCold    . . .     Gourm    .   (no shield)
rNeg     . . .     Faith    .   b - +0 leather armour
rPois    .         Spirit   .   (no helmet)
rElec    .         Reflect  .   (no cloak)
rCorr    .         Harm     .   m - +0 pair of gloves
MR       .....                  k - +0 pair of boots (curse)
Stlth    +.........             (no amulet)
HPRegen  0.12/turn              (no ring)
MPRegen  0.10/turn              (no ring)

@: no status effects
A: rugged brown scales 1
a: Depart the Abyss, Bend Space, Renounce Religion


You were on level 3 of the Dungeon.
You worshipped Lugonu.
Lugonu was pleased with you.
You were not hungry.

You visited 1 branch of the dungeon, and saw 3 of its levels.
You visited the Abyss 1 time.

You collected 106 gold pieces.

Inventory:

Hand Weapons
 a - a +1 falchion (weapon)
Armour
 b - a +0 leather armour (worn)
 k - a cursed +0 pair of boots (worn)
 m - a +0 pair of gloves (worn)
Jewellery
 s - a +2 amulet of reflection {unknown}
Scrolls
 d - a scroll of identify {unknown}
 e - a scroll of amnesia {unknown}
 f - a scroll of magic mapping {unknown}
 h - a scroll of teleportation {unknown}
 i - a scroll of immolation {unknown}
 j - a scroll of enchant armour {unknown}
 q - a scroll of blinking {unknown}
 r - 3 scrolls of enchant weapon {unknown}
 u - a scroll of remove curse {unknown}
Potions
 l - a potion of flight
 t - a potion of haste
Comestibles
 c - 7 rations


   Skills:
 - Level 3.0 Fighting
 + Level 4.2 Long Blades
 - Level 1.7 Armour
 - Level 0.8 Dodging
 - Level 3.0 Invocations


You had 3 spell levels left.
You didn't know any spells.

Dungeon Overview and Level Annotations

Branches:
Dungeon (3/15)

Altars:


Innate Abilities, Weirdness & Mutations

You are partially covered in rugged brown scales. (AC +1, +3% HP)


Message History

The centaur misses you.
It was a potion of cancellation.
Your magical effects are unravelling.
You feel magically purged.
You feel yourself slow down.
You float gracefully downwards.
The centaur hits you!
* * * LOW HITPOINT WARNING * * *
It was a potion of magic.
Magic courses through your body. The centaur misses you.
It was a potion of curing.
You feel better. The centaur hits you.
* * * LOW HITPOINT WARNING * * *
The centaur hits you!
* * * LOW HITPOINT WARNING * * *
Okay, then.
Space bends around you!
You blink.
The centaur wields an uncursed shortbow.
The centaur shoots an arrow.
The arrow closely misses you.
You don't have enough health at the moment.
The centaur shoots an arrow.
The arrow hits you!
You die...

...+........##.#..#.....##.
#..#........##.#..#........
#..#........##<............
....................#......
#..#.......................
...............#..#.#.#.##.
...#.##..#..##.#..#.#.#.#
......#..#..##.#..#.#.#.##
..##.##..#..##.#@.........
).................(.......
..................#.#...#.
...#.###.#..##.##.#.# .#
†..#.# #.. #.##.#.# ...#..
... ..##c#.# ...#......
......... .... ....
.....#.#.# ..... .....#.#.#


You could see a centaur.

Vanquished Creatures
  5 adders
  An ooze (D:1)
  2 dart slugs (D:1)
  A leopard gecko (D:1)
  4 bats
  3 giant cockroaches
  3 hobgoblins
  11 jackals
  6 kobolds
  A quokka (D:2)
  A ball python (D:2)
  A frilled lizard (D:1)
  2 goblins
  4 rats (D:1)
45 creatures vanquished.

Notes
Turn   | Place    | Note
-------+----------+-------------------------------------------
     0 | Abyss:1  | Gaball the Demonspawn Abyssal Knight began the quest for the Orb.
     0 | Abyss:1  | Reached XP level 1. HP: 18/18 MP: 2/2
     1 | Abyss:1  | Found a corrupted altar of Lugonu.
    55 | Abyss:1  | Noticed a rakshasa
    70 | D:1      | Escaped the Abyss
   112 | D:1      | Reached * piety under Lugonu
   112 | D:1      | Reached skill level 2 in Long Blades
   412 | D:1      | Gained mutation: You are partially covered in rugged brown scales. (AC +1, +3% HP) [demonic ancestry]
   412 | D:1      | Reached XP level 2. HP: 16/24 MP: 4/4
  1380 | D:1      | Reached XP level 3. HP: 29/29 MP: 5/5
  1397 | D:2      | Reached skill level 3 in Long Blades
  2095 | D:2      | Reached XP level 4. HP: 27/36 MP: 6/6
  2637 | D:3      | Reached skill level 4 in Long Blades
  2660 | D:3      | Reached ** piety under Lugonu
  2947 | D:3      | Noticed a centaur
  2963 | D:3      | Shot with an arrow by a centaur

Skill      XL: |  1  2  3  4 |
---------------+-------------+-----
Long Blades    | 2 3 4 |  4.2
Invocations    | 3 |  3.0
Fighting       | |  3.0
Armour         | |  1.7
Dodging        | |  0.8

Action                   |  1- 3 |  4- 6 || total
-------------------------+-------+-------++-------
Melee: Falchion          |   106 |    48 ||   154
Invok: Depart the Abyss  |     1 |       ||     1
       Bend Space        |       |     1 ||     1
  Use: Potion            |       |     6 ||     6
  Eat: Chunk             |     3 |       ||     3
       Ration            |       |     1 ||     1
Armor: Leather armour    |    52 |    21 ||    73
Dodge: Dodged            |    74 |    39 ||   113
       Rpst.: Falchion   |    20 |    17 ||    37
